AoeStats
← 812

Arena

506716600Analyzed
4v4 RM · 17d ago on Sep 14, 2026· 44m 9s· 8 players
Game mode
Random Map
Map size
Large (8 player)
Population
200
Speed
Normal
Resources
Standard
Victory
Conquest
Starting age
Dark Age
Ending age
Imperial Age
RankedLock teamsTeams togetherTeam positionsShared explorationLock speedFull tech treeHidden civsTurbo modeCheats
Victory
Defeat
🇳🇱 Armenians · Netherlands
1026
+13
🇳🇱 Italians · Netherlands
1002
+14
🇸🇪 Persians · Sweden
963
+16
🇬🇧 Burgundians · United Kingdom
918
+17
🇲🇽 Hindustanis · Mexico
1002
-17
🇦🇷 Khmer · Argentina
980
-16
🇹🇷 Celts · Türkiye
940
-14
🇹🇷 Bohemians · Türkiye
918
-13
Gautier Sans-Avoir
11:00 Feudal Age
11:24 Double-Bit Axe
11:27 Horse Collar
14:36 Loom
17:32 Castle Age
21:02 Stone Mining
25:49 Fletching
27:14 Fervor
32:53 Imperial Age
31:01 Wheelbarrow
30:11 Town Watch
31:13 Crossbowman
31:59 Thumb Ring
31:54 Bodkin Arrow
31:59 Padded Archer Armor
32:01 Kamandaran
32:36 Bow Saw
36:03 Devotion
35:59 Herbal Medicine
36:21 Leather Archer Armor
36:12 Scale Barding Armor
36:30 Conscription
37:51 Two-Man Saw
37:23 Heavy Plow
38:01 Gold Mining
38:47 Stone Shaft Mining
39:10 Ring Archer Armor
39:19 Gold Shaft Mining
39:12 Forging
40:08 Chemistry
39:23 Masonry
40:42 Chain Barding Armor
41:21 Hoardings
42:35 Hand Cart
42:58 Plate Barding Armor
42:59 Iron Casting
44:00 Husbandry
44:11 Bloodlines
43:22 Light Cavalry
44:57 Crop Rotation
Bzurker
5:40 Loom
11:54 Feudal Age
17:17 Castle Age
15:20 Gold Mining
15:27 Double-Bit Axe
16:12 Horse Collar
18:49 Forging
18:52 Pikeman
21:05 Man-at-Arms
21:31 Gambesons
21:55 Long Swordsman
25:03 Scale Mail Armor
25:30 Heavy Plow
26:33 Squires
29:49 Wheelbarrow
28:46 Two-Handed Swordsman
29:44 Arson
30:39 Iron Casting
30:50 Chain Mail Armor
31:48 Bow Saw
32:16 Stone Mining
33:03 Gold Shaft Mining
32:20 Halberdier
33:32 Hand Cart
36:37 Padded Archer Armor
36:28 Fletching
40:32 Imperial Age
38:07 Devotion
39:21 Bodkin Arrow
39:42 Leather Archer Armor
41:15 Ballistics
41:07 Masonry
40:33 Capped Ram
41:11 Champion
42:15 Conscription
42:01 Fereters
41:17 Elite Composite Bowman
42:34 Hoardings
41:35 Siege Ram
43:43 Chemistry
43:52 Blast Furnace
44:32 Plate Mail Armor
44:32 Ring Archer Armor
44:03 Bracer
Pepernoot
10:21 Feudal Age
14:54 Castle Age
14:20 Double-Bit Axe
14:18 Horse Collar
16:04 Bow Saw
21:02 Heavy Plow
22:14 Wheelbarrow
21:31 Loom
22:17 Scale Barding Armor
22:34 Forging
22:54 Gold Mining
23:41 Hand Cart
24:38 Stone Mining
25:26 Chain Barding Armor
25:29 Bloodlines
26:15 Ballistics
29:25 Stone Shaft Mining
32:12 Imperial Age
31:00 Fletching
31:10 Padded Archer Armor
30:58 Treadmill Crane
31:52 Town Watch
32:40 Bodkin Arrow
33:01 Leather Archer Armor
33:53 Chemistry
33:32 Crop Rotation
34:05 Two-Man Saw
34:28 Thumb Ring
34:25 Bracer
34:56 Ring Archer Armor
35:15 Town Patrol
35:32 Masonry
35:18 Murder Holes
35:51 Conscription
37:04 Iron Casting
36:31 Scale Mail Armor
36:05 Elite Genoese Crossbowman
38:51 Blast Furnace
40:31 Pirotechnia
Horahlooks
11:55 Feudal Age
10:13 Double-Bit Axe
13:28 Horse Collar
15:54 Castle Age
14:38 Bow Saw
19:54 Gold Mining
24:17 Imperial Age
22:04 Fletching
22:14 Padded Archer Armor
22:57 Bodkin Arrow
23:21 Heavy Plow
24:27 Fortified Wall
25:03 Wheelbarrow
24:15 Loom
24:17 Town Watch
26:02 Chemistry
28:02 Bracer
29:23 Gold Shaft Mining
30:24 Two-Man Saw
30:46 Padded Archer Armor
31:59 Elite Skirmisher
35:00 Scale Mail Armor
35:11 Forging
35:20 Hand Cart
35:45 Leather Archer Armor
36:07 Squires
38:17 Chain Mail Armor
38:52 Stone Mining
40:31 Plate Mail Armor
BearKing89
11:59 Feudal Age
15:54 Castle Age
22:28 Double-Bit Axe
23:59 Padded Archer Armor
23:58 Stone Mining
23:58 Gold Mining
23:54 Horse Collar
24:40 Husbandry
25:08 Heavy Plow
25:29 Loom
26:20 Wheelbarrow
27:32 Bloodlines
28:05 Scale Barding Armor
28:10 Forging
29:33 Chain Barding Armor
31:11 Grand Trunk Road
34:15 Imperial Age
32:46 Iron Casting
32:55 Light Cavalry
34:21 Hand Cart
34:44 Ballistics
34:44 Leather Archer Armor
36:23 Chemistry
35:26 Shatagni
35:36 Thumb Ring
36:30 Plate Barding Armor
36:56 Blast Furnace
36:26 Ring Archer Armor
36:37 Conscription
36:53 Hoardings
Karabasan
0:28 Loom
11:34 Feudal Age
19:05 Castle Age
21:05 Padded Archer Armor
22:10 Chemistry
20:53 Horse Collar
21:02 Double-Bit Axe
24:06 Leather Archer Armor
32:48 Imperial Age
33:58 Elite Skirmisher
42:04 Ring Archer Armor
41:24 Fletching
812
1:01 Loom
9:13 Feudal Age
16:53 Castle Age
14:45 Horse Collar
15:16 Double-Bit Axe
15:46 Gold Mining
18:11 Bow Saw
18:45 Gold Shaft Mining
18:13 Heavy Plow
23:07 Wheelbarrow
30:53 Imperial Age
28:11 Town Watch
28:42 Hand Cart
30:14 Stone Mining
31:44 Scale Barding Armor
31:52 Forging
32:16 Crop Rotation
32:28 Stone Shaft Mining
32:00 Town Patrol
34:26 Chain Barding Armor
34:43 Iron Casting
34:00 Fletching
33:58 Cavalier
34:38 Husbandry
35:04 Husbandry
35:15 Bloodlines
36:29 Bodkin Arrow
38:02 Heavy Scorpion
39:14 Masonry
39:08 Murder Holes
41:49 Padded Archer Armor
41:50 Bracer
42:29 Plate Barding Armor
42:56 Blast Furnace
Delii
0:26 Loom
19:12 Feudal Age
20:18 Double-Bit Axe
20:15 Horse Collar
20:27 Gold Mining
20:29 Stone Mining
23:14 Castle Age
22:56 Wheelbarrow
27:51 Imperial Age
26:07 Bow Saw
27:12 Heavy Plow
27:48 Gold Shaft Mining
30:47 Conscription
32:12 Hand Cart
34:14 Stone Shaft Mining
33:55 Forging
33:45 Scale Mail Armor
36:56 Elite Woad Raider
38:34 Cavalier
40:00 Iron Casting
39:41 Chain Mail Armor
39:33 Scale Barding Armor
39:47 Paladin
40:30 Husbandry
Connection lost

Rejoining the realm…

Still unreachable

The connection could not be restored.

Session expired

The server has moved on; the page needs a fresh start.